 Dungeon Crawl Stone Soup version 0.18-a0-102-gb1241f3 (webtiles) character file.

49 Proton the Covered (level 3, 0/34 HPs)
             Began as a Deep Dwarf Fighter on Nov 15, 2015.
             Slain by a gnoll
             ... wielding a +0 halberd
              (5 damage)
             ... on level 2 of the Dungeon.
             The game lasted 00:01:57 (853 turns).

Proton the Covered (Deep Dwarf Fighter)              Turns: 853, Time: 00:01:57

Health: 0/34       AC:  9    Str: 20    XL:     3   Next: 53%
Magic:  3/3        EV:  5    Int:  8    God:
Gold:   34         SH:  9    Dex: 12    Spells: 0 memorised, 2 levels left

rFire  + . .     SeeInvis +     a - +0 war axe
rCold  . . .     Clarity  .     t - +0 chain mail
rNeg   . . .     SustAt   .     c - +0 shield
rPois  .         Gourm    .     (no helmet)
rElec  .         Spirit   .     (no cloak)
rCorr  .         Warding  .     (no gloves)
rMut   .         Stasis   .     (no boots)
MR     .....                    (no amulet)
Stlth  ..........               p - ring of see invisible
                                n - ring of protection from fire

@: non-regenerating, not resistant to hostile enchantments, extremely unstealthy
A: damage resistance, recharge devices, sense surroundings 1, slow regeneration
3
a: Device Recharging


You were on level 2 of the Dungeon.
You were not hungry.

You visited 1 branch of the dungeon, and saw 2 of its levels.

You collected 34 gold pieces.

Inventory:

Hand Weapons
 a - a +0 war axe (weapon)
Armour
 c - a +0 shield (worn)
 t - a +0 chain mail (worn)
Jewellery
 n - a ring of protection from fire (left hand)
 p - a ring of see invisible (right hand)
Wands
 e - a wand of heal wounds (5)
Scrolls
 g - a scroll of identify {unknown}
 i - a scroll of immolation {unknown}
 q - a scroll of magic mapping {unknown}
 u - a scroll of enchant armour {unknown}
 v - a scroll of amnesia {unknown}
Potions
 b - a potion of cancellation {unknown}
 d - a potion of might
 j - a potion of heal wounds {unknown}
 k - 2 potions of curing {unknown}
 m - a potion of haste {unknown}
 r - a potion of resistance {unknown}
 s - a potion of cure mutation {unknown}
Comestibles
 f - a bread ration
 h - a royal jelly
 l - a slice of pizza
 o - a meat ration


   Skills:
 + Level 3.0 Fighting
 * Level 3.0 Axes
 + Level 3.7 Armour
 + Level 0.7 Dodging
 + Level 3.6 Shields


You had 2 spell levels left.
You didn't know any spells.

Dungeon Overview and Level Annotations

Branches:
Dungeon (2/15)

Altars:


Innate Abilities, Weirdness & Mutations

You are resistant to damage.
You can recharge devices by infusing magical energy.
You passively map a small area around you.
You do not regenerate naturally.


Message History

The gnoll hits you but does no damage. The goblin hits you but does no damage.
The goblin hits you.
* * * LOW HITPOINT WARNING * * *
You block the gnoll's attack.
Your shield and chain mail prevent you from hitting the gnoll.
You slash the goblin!
You kill the goblin!
The gnoll hits you from afar with an enchanted spear.
* * * LOW HITPOINT WARNING * * *
You block the gnoll's attack. The gnoll closely misses you.
The gnoll hits you from afar with a spear.
You block the gnoll's attack.
You completely miss the gnoll. The gnoll hits you but does no damage.
The gnoll hits you but does no damage.
You hit the gnoll.
The gnoll is lightly wounded.
You block the gnoll's attack.
The gnoll hits you from afar with a halberd!
You die...

* #.###....###
..###...#......#
...#...#.#....#.# ,
........#....#.####
*
#.......#....#....#
#.........#######.#
,,
..................#
,
......g...$.......#
.##+#g#@.........##
, #.#..........# ,,
* #.g..........# ,
, ###..........# ,
#.....†.<..# , *
##.........# ***
#.......(.#
#.........#
#.........#


You could see 2 gnolls.

Vanquished Creatures
  2 adders
  An ooze (D:2)
  A giant gecko (D:1)
  6 hobgoblins
  A quokka (D:2)
  2 bats
  A giant cockroach (D:1)
  2 giant newts (D:1)
  4 goblins
  6 kobolds (D:1)
  3 rats (D:1)
29 creatures vanquished.

Notes
Turn   | Place    | Note
--------------------------------------------------------------
     0 | D:1      | Proton the Deep Dwarf Fighter began the quest for the Orb.
     0 | D:1      | Reached XP level 1. HP: 20/20 MP: 1/1
   228 | D:1      | Reached XP level 2. HP: 24/27 MP: 2/2
   740 | D:2      | Reached XP level 3. HP: 15/34 MP: 3/3
   853 | D:2      | Slain by a gnoll

Vault maps used:
D:1:      lemuel_arrival_broad_hall
D:2:      first_bread, fedhas_altar_4

Action                   || total
-------------------------++-------
Melee: War axe           ||   119
